 Dungeon Crawl Stone Soup version 0.20-a0-277-g7db01f4 (webtiles) character file.

12925 tsouns the Spear-Bearer (level 11, 0/86 HPs)
             Began as a Demonspawn Wanderer on Dec 13, 2016.
             Was an Elder of Makhleb.
             Succumbed to a redback's poison
             ... on level 2 of the Lair of Beasts.
             The game lasted 00:41:38 (13741 turns).

tsouns the Spear-Bearer (Demonspawn Wanderer)      Turns: 13741, Time: 00:41:39

Health: 0/86       AC:  9    Str: 21    XL:     11   Next: 68%
Magic:  2/19       EV: 16    Int: 14    God:    Makhleb [****..]
Gold:   171        SH:  5    Dex: 15    Spells: 9/10 levels left

rFire  + . .     SeeInvis .     d - +2 trident
rCold  + . .     Gourm    .     O - +1 robe {rC+ rF+}
rNeg   . . .     Faith    .     M - +0 buckler
rPois  .         Spirit   +     L - +0 helmet of Nobility {Str+8} (curse)
rElec  .         Reflect  .     o - +1 cloak
rCorr  .         Harm     .     I - +0 pair of gloves
MR     +....                    C - +1 pair of boots {Stlth+}
Stlth  ++++......               g - amulet of regeneration
                                (no ring)
                                q - ring of protection from magic

@: lethally poisoned (0 -> -1)
A: hooves 2, repulsion field 1, nightstalker 1, magic shield, magic regeneration
a: Minor Destruction, Lesser Servant of Makhleb, Major Destruction, Renounce
Religion


You were on level 2 of the Lair of Beasts.
You worshipped Makhleb.
Makhleb was greatly pleased with you.
You were not hungry.

You visited 3 branches of the dungeon, and saw 12 of its levels.

You collected 528 gold pieces.
You spent 357 gold pieces at shops.

Inventory:

Hand Weapons
 a - a +2 spear
 d - a +2 trident (weapon)
 l - a +0 halberd
 v - a +0 blowgun
Missiles
 w - 11 poisoned needles
 D - 12 tomahawks (quivered)
 G - 4 steel tomahawks
 J - a throwing net
Armour
 e - a +1 hat of intelligence
 j - a +2 robe of magic resistance
 o - a +1 cloak (worn)
 C - a +1 pair of boots of stealth (worn)
 I - a +0 pair of gloves (worn)
 L - the cursed +0 helmet of Nobility (worn) {Str+8}
   (You bought it in a shop on level 5 of the Dungeon)

   It affects your strength (+8).
   It has a curse placed upon it.
 M - a +0 buckler (worn)
 O - a +1 robe of resistance (worn)
Jewellery
 g - an amulet of regeneration (around neck)
 q - a ring of protection from magic (left hand)
 y - an uncursed amulet of magic regeneration
Wands
 k - a wand of slowing (22/48)
 A - a wand of disintegration (24/24)
 K - a wand of random effects (26/48)
Scrolls
 c - 2 scrolls of teleportation
 u - a scroll of fear
 B - 2 scrolls of remove curse
 H - a scroll of amnesia
Potions
 b - a potion of lignification
 h - a potion of cure mutation
 i - 5 potions of heal wounds
 m - 2 potions of agility
 n - 2 potions of might
 r - a potion of haste
 s - a potion of beneficial mutation {unknown}
 E - 6 potions of curing
Books
 z - a book of Necromancy

   Spells                             Type                      Level
   a - Pain                           Necromancy                   1
   b - Animate Skeleton               Necromancy                   1
   c - Vampiric Draining              Necromancy                   3
   d - Regeneration                   Charms/Necromancy            3
   e - Animate Dead                   Necromancy                   4
   f - Control Undead                 Necromancy                   4
 F - a book of Battle

   Spells                             Type                      Level
   a - Infusion                       Charms                       1
   b - Shroud of Golubria             Charms/Translocation         2
   c - Song of Slaying                Charms                       2
   d - Spectral Weapon                Hexes/Charms                 3
   e - Regeneration                   Charms/Necromancy            3
Comestibles
 f - 7 bread rations
 p - 8 chunks of flesh
 t - 5 meat rations
 x - 11 fruits


   Skills:
 - Level 8.0 Fighting
 * Level 12.9 Polearms
 - Level 4.4 Dodging
 - Level 3.2 Stealth
 - Level 5.2 Shields
 + Level 10.7 Invocations


You had 9 spell levels left.
You knew the following spells:

 Your Spells              Type           Power        Failure   Level  Hunger
a - Animate Skeleton      Necr           N/A          30%         1    ##.....


Dungeon Overview and Level Annotations

Branches:
Dungeon (9/15)             Temple (1/1) D:4            Lair (2/6) D:8
 Spider (0/4) Lair:2
  Swamp: Lair:2-4    Shoals: Lair:2-4       Orc: D:9-12

Altars:
Ashenzari
Cheibriados
Dithmenos
Elyvilon
Fedhas
Gozag
Hepliaklqana
Kikubaaqudgha
Makhleb
Nemelex Xobeh
Okawaru
Qazlal
Ru
Sif Muna
Trog
Uskayaw
Vehumet
Xom
Yredelemnul
Zin
The Shining One

Shops:
D:5 [   D:6 =   D:7 [

Annotations:
D:3 Ijustatesigmund's ghost, weakling HOMo
D:4 Dowan; Duvessa


Innate Abilities, Weirdness & Mutations

You have hoof-like feet.
You are surrounded by a mild repulsion field. (EV +2)
You are slightly more attuned to the shadows.
When hurt, damage is shared between your health and your magic reserves.
You regenerate magic rapidly.


Message History

Aim: a death yak (heavily wounded, poisoned)
You reach to attack!
You barely miss the death yak.
The death yak is heavily wounded.
Your komodo dragon skeleton bites the death yak.
The death yak gores your komodo dragon skeleton!!
Your komodo dragon skeleton is destroyed!
Evoke which item? (* to show all) (? for menu, Esc to quit)
Okay, then.
Press: ? - help, Shift-Dir - straight line, f - death yak, p - death yak
Aim: a death yak The orb of electricity explodes!
The orb of electricity engulfs the death yak.
The death yak is lightly wounded.
The orb of electricity engulfs the death yak.
The death yak is lightly wounded.
The orb of electricity engulfs the death yak.
The death yak is heavily wounded.
The orb of electricity engulfs you!
* * * LOW HITPOINT WARNING * * *
You die...

... ..≈≈≈...≈
#.P.##.....>..
..#....≈≈≈...≈≈
.#...$.≈≈.≈.≈.≈
....#..≈.≈≈.≈≈.
#..Y#|≈≈≈.≈≈≈ ##
#YY###..≈#
##.##+..#P..##
.......@...######
.........###..#.# ##
........+.......#######Z
.........##.##...##.8..#
.........########......#
.........# ##8.<.8#
........## #......#
.........# ####....#
.#..#..?.# #.##.(#.#


You could see 3 death yaks.

Vanquished Creatures
  Erolcha (D:9)
  Psyche (D:9)
  A spiny frog (Lair:1)
  A rime drake (Lair:1)
  3 komodo dragons
  A troll (D:9)
  3 blink frogs (Lair:1)
  2 hippogriffs
  A redback (Lair:2)
  7 yaks
  Grum (D:8)
  4 porcupines
  5 water moccasins
  4 phantoms
  3 sky beasts
  2 black bears (D:9)
  3 ice beasts
  4 ogres
  A centaur (D:8)
  3 wolves (D:8)
  2 crocodiles
  2 big kobolds
  7 bullfrogs
  A scorpion (D:9)
  A wyvern skeleton (D:8)
  A water moccasin skeleton (D:6)
  6 killer bees (D:5)
  6 howler monkeys
  2 bullfrog zombies
  2 crimson imps (D:5)
  2 jellies
  5 hounds
  A centaur skeleton (D:7)
  2 gnoll shamans
  6 orc priests
  A quasit (D:7)
  5 iguanas
  Jessica (D:2)
  8 orc wizards
  10 worker ants
  A hound zombie (D:9)
  2 hound skeletons
  A worker ant zombie (D:7)
  14 gnolls
  9 adders
  3 shadow imps
  An ooze (D:3)
  5 adder skeletons
  2 adder zombies
  4 worms
  A dart slug (D:1)
  5 leopard geckos
  36 orcs
  3 ball pythons
  4 giant cockroaches
  12 goblins
  9 hobgoblins
  3 jackals (D:6)
  33 kobolds
  3 quokkas
  11 bats
  6 frilled lizards
  2 leopard gecko skeletons
  A quokka skeleton (D:5)
  A quokka zombie (D:9)
  5 rats
299 creatures vanquished.

Vanquished Creatures (collateral kills)
  Gastronok (D:8)
  Fannar (Lair:2)
  3 komodo dragons
  A jumping spider (Lair:2)
  A hippogriff (Lair:1)
  A redback (Lair:2)
  A water moccasin (Lair:1)
  A porcupine (Lair:2)
  A quokka (D:8)
  2 plants (Lair:2)
13 creatures vanquished.

Vanquished Creatures (others)
  A fungus (Lair:1)
1 creature vanquished.

Grand Total: 313 creatures vanquished

Notes
Turn   | Place    | Note
-------+----------+-------------------------------------------
     0 | D:1      | tsouns the Demonspawn Wanderer began the quest for the Orb.
     0 | D:1      | tsouns set off with: a +2 spear, a potion of lignification, a scroll of teleportation, a +0 robe, a bread ration
     0 | D:1      | Reached XP level 1. HP: 24/24 MP: 1/1
   239 | D:1      | Reached skill level 2 in Polearms
   239 | D:1      | Gained mutation: You are slightly more attuned to the shadows. [demonic ancestry]
   239 | D:1      | Reached XP level 2. HP: 24/31 MP: 2/2
   526 | D:1      | Reached skill level 1 in Stealth
   574 | D:1      | Gained mutation: You have large cloven feet. [demonic ancestry]
   574 | D:1      | Reached XP level 3. HP: 36/36 MP: 3/3
  1159 | D:2      | Found an iron altar of Okawaru.
  1383 | D:2      | Reached XP level 4. HP: 42/43 MP: 4/4
  1435 | D:2      | Noticed Jessica
  1445 | D:2      | Killed Jessica
  1445 | D:2      | Reached skill level 3 in Polearms
  1913 | D:3      | Noticed Ijustatesigmund's ghost (weakling HOMo)
  2214 | D:3      | Gained mutation: You have hoof-like feet. [demonic ancestry]
  2214 | D:3      | Reached XP level 5. HP: 47/48 MP: 5/5
  2730 | D:3      | Reached skill level 4 in Polearms
  3070 | D:3      | Gained mutation: You are surrounded by a mild repulsion field. (EV +2) [demonic ancestry]
  3070 | D:3      | Reached XP level 6. HP: 49/55 MP: 6/6
  3451 | D:4      | Reached skill level 5 in Polearms
  3955 | D:4      | Reached XP level 7. HP: 35/60 MP: 7/7
  4159 | D:4      | Found a staircase to the Ecumenical Temple.
  4166 | Temple   | Entered the Ecumenical Temple
  4424 | Temple   | Became a worshipper of Makhleb the Destroyer
  4453 | D:4      | Reached skill level 1 in Dodging
  4558 | D:4      | Found a shimmering altar of Xom.
  4558 | D:4      | Found a sparkling altar of Nemelex Xobeh.
  4558 | D:4      | Found a radiant altar of Vehumet.
  4560 | D:4      | Found an ancient bone altar of Kikubaaqudgha.
  4564 | D:4      | Found a white marble altar of Elyvilon.
  5127 | D:4      | Reached skill level 6 in Polearms
  5207 | D:5      | Entered Level 5 of the Dungeon
  5271 | D:5      | Noticed Duvessa
  5274 | D:5      | Noticed Dowan
  5431 | D:5      | Found a glowing silver altar of Zin.
  6177 | D:5      | Reached skill level 7 in Polearms
  6177 | D:5      | Gained mutation: When hurt, damage is shared between your health and your magic reserves. [demonic ancestry]
  6177 | D:5      | Reached XP level 8. HP: 40/67 MP: 8/8
  6355 | D:5      | Found Vimibut's Armour Shop.
  7260 | D:5      | Learned a level 1 spell: Animate Skeleton
  7339 | D:6      | Reached * piety under Makhleb
  7411 | D:6      | Reached skill level 8 in Polearms
  8137 | D:6      | Found Zoille's Jewellery Shop.
  8197 | D:6      | Reached ** piety under Makhleb
  8287 | D:6      | Gained mutation: You regenerate magic rapidly. [demonic ancestry]
  8287 | D:6      | Reached XP level 9. HP: 69/72 MP: 9/9
  8327 | D:6      | Reached skill level 1 in Invocations
  8405 | D:6      | Reached skill level 9 in Polearms
  8685 | D:7      | Found Sosaesch's Antique Armour Shop.
  9741 | D:8      | Reached *** piety under Makhleb
  9861 | D:8      | Found a staircase to the Lair.
 10020 | D:8      | Noticed Grum
 10041 | D:8      | Reached skill level 10 in Polearms
 10064 | D:8      | Killed Grum
 10491 | D:5      | Bought the cursed +0 helmet of Nobility {Str+8} for 303 gold pieces
 10496 | D:5      | Bought a +0 buckler for 54 gold pieces
 10654 | Lair:1   | Entered Level 1 of the Lair of Beasts
 10654 | Lair:1   | Noticed a komodo dragon
 10729 | D:8      | Reached skill level 5 in Invocations
 10736 | D:8      | Found a glowing golden altar of the Shining One.
 10778 | D:8      | Noticed Gastronok
 10799 | D:8      | Killed Gastronok
 10799 | D:8      | Reached XP level 10. HP: 74/80 MP: 12/14
 11338 | D:9      | Noticed Erolcha
 11353 | D:9      | Killed Erolcha
 11353 | D:9      | Reached skill level 5 in Shields
 11623 | D:9      | Reached skill level 11 in Polearms
 11665 | D:9      | Noticed Psyche
 11678 | D:9      | Killed Psyche
 11838 | D:9      | Found a snail-covered altar of Cheibriados.
 11844 | D:9      | Reached **** piety under Makhleb
 12335 | D:8      | Reached XP level 11. HP: 83/86 MP: 8/17
 12804 | Lair:1   | Reached skill level 12 in Polearms
 13170 | Lair:1   | Reached skill level 10 in Invocations
 13351 | Lair:2   | Noticed Fannar
 13589 | Lair:2   | Killed Fannar
 13703 | Lair:2   | Found a hole to the Spider Nest.
 13705 | Lair:2   | Noticed a death yak
 13731 | Lair:2   | Noticed a death yak
 13734 | Lair:2   | Noticed a death yak
 13741 | Lair:2   | HP: 1/86 [shot self (16)]
 13741 | Lair:2   | Succumbed to a redback's poison

Vault maps used:
D:1:      nagdon_arrival_double_spiral
D:2:      old_standard_altar, serial_forest, infiniplex_forest_end_2,
          infiniplex_forest_straight_1, infiniplex_forest_clump_small,
          infiniplex_forest_zigzag_1, infiniplex_forest_end_1,
          infiniplex_forest_clump_large, corexii_item_surrounded_by_moat,
          uniq_jessica
D:4:      grunt_temple_overflow_open
D:5:      zin_scriptorium, first_bread, serial_shops,
          nicolae_shop_window_shopping, uniq_duvessa
D:6:      kennysheep_kobold_camp, serial_shops,
          nicolae_shop_temple_entry_statues_fountains
D:7:      serial_shops, shop_statue
D:8:      lair_entry_dummy, nicolae_tso_swordbearing_angel, uniq_gastronok,
          uniq_grum
D:9:      cheibriados_altar_wand_db, uniq_psyche, uniq_erolcha
Temple:   oiseaux_autumnal_temple
Lair:1:   grunt_megastairs_4, lemuel_fruit_fields
Lair:2:   spider_nest_entry_a, grunt_megastairs_1, uniq_fannar

Skill      XL: |  1  2  3  4  5  6  7  8  9 10 11 |
---------------+----------------------------------+-----
Polearms       | 2 3 4 5 7 8 10 11 12 | 12.9
Stealth        | 1 2 3 |  3.2
Dodging        | 2 4 |  4.4
Invocations    | 5 8 10 | 10.7
Fighting       | 8 |  8.0
Shields        | 3 5 |  5.2

Action                   |  1- 3 |  4- 6 |  7- 9 | 10-12 || total
-------------------------+-------+-------+-------+-------++-------
Melee: Spear             |   139 |   246 |       |       ||   385
       Kick              |    14 |    58 |    83 |       ||   155
       Trident           |       |       |   697 |   586 ||  1283
 Fire: Blowgun           |       |       |     2 |       ||     2
Throw: Stone             |       |     1 |     8 |       ||     9
       Tomahawk          |       |       |     1 |       ||     1
 Cast: Animate Skeleton  |       |       |       |    19 ||    19
Invok: Lesser Servant of |       |       |     2 |     3 ||     5
       Major Destruction |       |       |       |     1 ||     1
Evoke: Wand              |       |       |     2 |       ||     2
  Use: Potion            |     1 |     4 |       |     2 ||     7
       Scroll            |     4 |     4 |    12 |     1 ||    21
 Stab: Sleeping          |     8 |    12 |    16 |    18 ||    54
       Distracted        |       |       |     6 |     2 ||     8
  Eat: Chunk             |     2 |     8 |    12 |     7 ||    29
       Meat ration       |       |       |     1 |       ||     1
       Beef jerky        |       |       |     1 |       ||     1
       Royal jelly       |       |       |     2 |       ||     2
       Pizza             |       |       |     2 |       ||     2
       Bread ration      |       |       |       |     1 ||     1
Armor: Robe              |    14 |       |    13 |    65 ||    92
       Skin              |     8 |       |       |       ||     8
       Leather armour    |     6 |    41 |   105 |       ||   152
Dodge: Dodged            |    46 |   107 |   349 |   186 ||   688
Block: Buckler           |       |       |       |    74 ||    74
